 Dungeon Crawl Stone Soup version 0.32-a0-996-gb3226c233f (webtiles) character file.

Game seed: 1669058635990039639

93 DryNick the Covered (level 4, -7/40 HPs)
             Began as a Mountain Dwarf Fighter on Apr 23, 2024.
             Mangled by an ogre
             ... wielding a +0 giant club
              (26 damage)
             ... on level 3 of the Dungeon.
             The game lasted 00:05:59 (2583 turns).

DryNick the Covered (Mountain Dwarf Fighter)        Turns: 2583, Time: 00:06:00

Health: -7/40      AC:  8    Str: 20    XL:     4   Next: 36%
Magic:  4/4        EV:  8    Int:  9    God:
Gold:   80         SH:  4    Dex:  9    Spells: 3/3 levels left

rFire   + . .        a - +0 war axe
rCold   + . .        c - +0 buckler
rNeg    . . .        b - +0 scale mail
rPois   .            p - +0 helmet
rElec   .            j - scarf {rC+ rF+}
rCorr   .            (no gloves)
SInv    .            (no boots)
Will    +....        (no amulet) Stlth
                     (no ring)
HPRegen 0.26/turn    (no ring)
MPRegen 0.09/turn

%: no passive effects
@: enlightened, flying
A: runic magic, artefact enchanting
a: no special abilities


You were on level 3 of the Dungeon.
You visited 1 branch of the dungeon, and saw 3 of its levels.

You collected 80 gold pieces.

Inventory:

Hand Weapons
 a - a +0 war axe (weapon)
 g - a +0 whip
Armour
 b - a +0 scale mail (worn)
 c - a +0 buckler (worn)
 j - a scarf of resistance (worn)
 p - a +0 helmet (worn)
Scrolls
 f - a scroll of butterflies {unknown}
 h - a scroll of enchant weapon {unknown}
 i - a scroll of teleportation
 k - a scroll of identify {unknown}
 m - a scroll of noise {unknown}
 n - a scroll of immolation {unknown}
Potions
 d - a potion of might
 e - a potion of enlightenment
 l - a potion of heal wounds
 o - a potion of ambrosia {unknown}


   Skills:
 + Level 3.9 Fighting
 * Level 4.0 Axes
 + Level 4.0 Armour
 + Level 3.8 Shields


You had 3 spell levels left.
You didn't know any spells.
Your spell library contained the following spells:

 Spells                   Type           Power      Damage    Failure   Level
 Apportation              Tloc           0%         N/A       54%         1
 Jinxbite                 Hex            0%         N/A       67%         2
 Mercury Vapours          Alch/Air       0%         N/A       67%         2
 Mephitic Cloud           Conj/Alch/Air  0%         N/A       88%         3
 Alistair's Intoxication  Alch           0%         N/A       100%        5
 Freezing Cloud           Conj/Ice/Air   0%         6-21      100%        5


Dungeon Overview and Level Annotations

Branches:
Dungeon (3/15)

Altars:

Shops:
D:1 (   D:2 [


Innate Abilities, Weirdness & Mutations

Your spellcasting is much less encumbered by armour.
You can use scrolls of enchantment on lesser artefacts.


Message History

There is a stone staircase leading up here.
Items here: ))) ††.
You closely miss the goblin. You block the goblin's attack. x2
The ogre shouts!
You slash the goblin!
You kill the goblin!
Your Axes skill increases to level 4!
Your Armour skill increases to level 4!
The ogre hits you with a +0 giant club!!
Things that are here:
14 gold pieces; a +0 dagger You hit the ogre.
The ogre is heavily wounded.
You barely miss the ogre.
The ogre is heavily wounded.
The ogre hits you with a +0 giant club!
* * * LOW HITPOINT WARNING * * *
You are too injured to fight recklessly!
You are too injured to fight recklessly!
You are too injured to fight recklessly!
You are too injured to fight recklessly!
You are too injured to fight recklessly!
You are too injured to fight recklessly!
You are too injured to fight recklessly!
You are too injured to fight recklessly!
You are too injured to fight recklessly!
You are too injured to fight recklessly!
You are too injured to fight recklessly!
You are too injured to fight recklessly!
You are too injured to fight recklessly!
It was a potion of enlightenment.
You feel very buoyant.
You fly up into the air.
The ogre hits you with a +0 giant club!
* * * LOW HITPOINT WARNING * * *
It was a potion of heal wounds.
You feel much better. The ogre hits you but does no damage.
You slash the ogre!
The ogre is severely wounded.
The ogre hits you with a +0 giant club!!
Ouch! That really hurt!
You die...

.####.†.### #.. #..#
#.....######..# #..#
#..............
#..###.....####.#..# ####
#..##...........#>.#
##...##..##.###.#####.#..#
##.....#...................
#........)................%
#.......<)@O.†.######..##.#
#........###..## #..#.##
#.....#.###.########..#.#
##...#...##.......<...#.##
#.........).#.#.####..##.#
#...##.#.##.#..........##.
#.. #.###..g###.####...###
### ##§§§#......####......
#§#...........#..###


You could see an ogre.

Vanquished Creatures
  Robin (D:2)
  An adder (D:3)
  3 dart slugs
  A ribbon worm (D:3)
  An orc (D:2)
  3 endoplasms (D:1)
  4 giant cockroaches
  15 goblins
  5 hobgoblins
  6 kobolds (D:1)
  2 quokkas (D:1)
  4 ball pythons
  5 bats
  5 frilled lizards
  3 rats
59 creatures vanquished.

Notes
Turn   | Place    | Note
-------+----------+-------------------------------------------
     0 | D:1      | DryNick the Mountain Dwarf Fighter began the quest for the
                  | Orb.
     0 | D:1      | Reached XP level 1. HP: 19/19 MP: 1/1
    76 | D:1      | Reached XP level 2. HP: 26/26 MP: 2/2
   360 | D:1      | Found Fusy's Antique Weapon Emporium.
   675 | D:1      | Reached XP level 3. HP: 31/31 MP: 3/3
  1619 | D:2      | Found Sukkamau's Armour Shoppe.
  2045 | D:3      | Noticed an ogre
  2204 | D:3      | Noticed Robin
  2390 | D:3      | Reached XP level 4. HP: 40/40 MP: 4/4
  2560 | D:2      | Killed Robin
  2581 | D:3      | HP: 2/40 [ogre/+0 giant club (8)]
  2583 | D:3      | Mangled by an ogre

Illustrated notes

Levels and vault maps discovered:
D:1:      dpeg_arrival_yet_another_circle, layout_basic, serial_shops,
          nicolae_shop_real_fake_doors, serial_forest, infiniplex_forest_end_1,
          infiniplex_forest_side_room, infiniplex_forest_lined_room_3,
          infiniplex_forest_clump_curved, infiniplex_forest_lined_ring,
          infiniplex_forest_clump_medium, minmay_misc_feat_x,
          minmay_small_reverse_x
D:2:      wander_river, layout_loops_corners, serial_shops,
          nicolae_shop_advertising_works [nicolae_subvault_shop_adworks]
D:3:      layout_loops_ring, lightli_temple_of_fire,
          lemuel_coloured_pillars_altar, uniq_robin

Skill      XL: |  1  2  3  4 |
---------------+-------------+-----
Axes           | 3 4 |  4.0
Armour         | 4 |  4.0
Fighting       | |  3.9
Shields        | |  3.8

Action                     |  1- 3 |  4- 6 || total
---------------------------+-------+-------++-------
  Melee: War axe           |   117 |    27 ||   144
    Use: Potion            |       |     2 ||     2
         Scroll            |       |     1 ||     1
 Armour: Scale mail        |   101 |    16 ||   117
  Dodge: Dodged            |    42 |    11 ||    53
  Block: Buckler           |    16 |     7 ||    23

Table legend: (Time is in decaauts)
 A = Elapsed time spent in this place.
 B = Non-inter-level travel time spent in this place.
 C = Inter-level travel time spent in this place.
 D = Time resting spent in this place.
 E = Time spent auto-exploring this place.
 F = Levels seen in this place.
 G = Mean time per level.
                   A        B        C        D        E       F      G
               +--------+--------+--------+--------+--------+-----+--------+
         Total |   2672 |   2527 |    145 |      0 |   2017 |   3 |  890.7 |
       Dungeon |   2672 |   2527 |    145 |      0 |   2017 |   3 |  890.7 |
               +--------+--------+--------+--------+--------+-----+--------+

Top non-repeatable levels by time:
     D:1: 1188 daAuts
     D:2: 1128 daAuts
     D:3: 356 daAuts
